noty, lawful male dwarven Caveman S H L n t ..% @ & .@. D ...h N u SS @ A .H.. .A. D W .g. p c S B noty the Vagrant Experience level: 12 Strength: 18/48 Dexterity: 16 Constitution: 17 Intelligence: 3 Wisdom: 11 Charisma: 9 Health: 63(101) Energy: 31(31) Def: 29 Gold: 136 Moves: 29637 Dungeon seed: HqbYUMuZtYFgUo3d Game ID: noty_1468179795 Your Inventory: Coins $ - 136 gold pieces Weapons a - the +6 Grayswandir (weapon in hand) Armor n - a blessed greased +4 silver dragon scale mail (being worn) r - a blessed +0 mummy wrapping y - a cursed +0 helm of brilliance z - an uncursed +0 pair of leather gloves (being worn) N - a blessed rotted +4 cloak of magic resistance (being worn) O - a blessed +2 elven shield (being worn) Y - an uncursed +1 elven leather helm (being worn) Z - an uncursed +0 pair of iron shoes (being worn) Comestibles G - 2 uncursed lizard corpses K - an uncursed fortune cookie M - 2 uncursed C-rations T - 4 uncursed food rations X - a cursed sprig of wolfsbane Scrolls g - an uncursed scroll of teleportation R - an uncursed scroll of stinking cloud Potions W - a blessed potion of hallucination Rings c - a cursed ring of regeneration e - a cursed ring of invisibility m - a cursed +2 ring of increase accuracy t - an uncursed ring of cold resistance v - a cursed +3 ring of protection w - an uncursed ring of slow digestion x - an uncursed ring of protection from shape changers J - an uncursed ring of fire resistance Q - an uncursed ring of free action U - a cursed -1 ring of increase accuracy Wands b - a wand of create monster (0:15) d - a wand of cold (0:8) h - a wand of sleep (0:5) l - a wand of light (0:14) o - a wand of slow monster (0:8) s - a wand of magic missile (0:5) u - a wand of make invisible (0:3) E - a wand of magic missile (0:4) F - a wand of cancellation (0:5) H - a wand of teleportation (0:8) I - a blessed wand of locking (0:4) P - a wand of undead turning (0:5) S - a cursed wand of polymorph (0:5) Tools f - an expensive camera (0:75) k - an uncursed skeleton key p - an uncursed towel q - a blessed bag of holding A - a +0 unicorn horn V - a tinning kit (0:67) Gems C - an uncursed luckstone Contents of the bag of holding: 17648 gold pieces an uncursed amulet of ESP a cursed amulet of change a blessed amulet of reflection the rustproof +1 Sunsword a +2 sling a cursed tin of floating eye meat an uncursed tin of nurse meat a blessed scroll of amnesia an uncursed scroll of amnesia an uncursed scroll of blank paper a cursed scroll of blank paper an uncursed scroll of charging a blessed scroll of confuse monster an uncursed scroll of confuse monster 2 uncursed scrolls of create monster an uncursed scroll of destroy armor 2 uncursed scrolls of earth an uncursed scroll of enchant weapon an uncursed scroll of gold detection a blessed scroll of identify 2 uncursed scrolls of identify 2 cursed scrolls of identify a blessed scroll of light 2 uncursed scrolls of light a cursed scroll of light an uncursed scroll of punishment an uncursed scroll of stinking cloud an uncursed scroll of taming 2 blessed scrolls of teleportation 8 uncursed scrolls of teleportation 2 cursed scrolls of teleportation an uncursed spellbook of knock an uncursed spellbook of magic missile an uncursed spellbook of remove curse an uncursed spellbook of summon nasty an uncursed potion of booze a cursed potion of booze an uncursed potion of confusion an uncursed potion of extra healing an uncursed potion of full healing a cursed potion of gain ability an uncursed potion of gain energy a blessed potion of hallucination 3 uncursed potions of healing a cursed potion of healing a cursed potion of levitation a blessed potion of monster detection a blessed potion of object detection an uncursed potion of oil an uncursed potion of paralysis an uncursed potion of see invisible an uncursed potion of speed an uncursed potion of water a wand of create monster (0:12) a wand of light (0:14) a wand of magic missile (0:6) a wand of striking (0:5) an uncursed brass lantern (0:809) a magic marker (0:50) a blessed oil lamp (0:1482) an uncursed tooled horn Spells and supernatural/magical abilities: Name Level Category Fail Memory a - force bolt 1 attack 100% 9% k - knock 1 matter 100% 14% m - magic missile 2 attack 100% 91% n - detect monsters 1* divination 100% 0% s - slow monster 2 enchantment 100% 14% W - pray for help -- divine ? -- Your skills at the end: Fighting Skills bare handed combat [Basic] Weapon Skills saber [Basic] club [Basic] sling [Basic] Spellcasting Skills Final Attributes: You were piously aligned. You were fire resistant. You were cold resistant. You were sleep resistant. You were shock resistant. You were poison resistant. You were magic-protected. You resisted hallucinations. You were blinded. You were telepathic. You had infravision. You were invisible. You were protected. You had reflection. You were very lucky. You had extra luck. Bad luck did not time out for you. Good luck did not time out for you. You are dead. Vanquished creatures: a glass golem a baluchitherium a Nazgul a titanothere 2 vampire lords a clay golem 3 nurses 2 black puddings a vampire a ghost a lieutenant 2 queen bees 2 winged gargoyles a zruty 3 fire giants an ogre king an Elvenking 2 doppelgangers 3 large mimics a wumpus a long worm 2 stalkers a water elemental a xorn 3 giant zombies 4 elf-lords a sergeant 2 winter wolves 8 small mimics a warhorse a xan 2 ettin mummies 2 ogre lords a quantum mechanic a troll a wood golem 2 gelatinous cubes a pyrolisk 3 large dogs 3 freezing spheres 3 flaming spheres 2 shocking spheres 4 large cats 4 tigers a gargoyle 2 ochre jellies a leocrotta an energy vortex 2 stone giants 2 elf mummies a human mummy a red naga 2 pit vipers a python 2 wraiths 3 ettin zombies a leather golem 4 Grey-elves 3 soldiers 2 incubi 3 chameleons 4 crocodiles 3 giant beetles 3 quivering blobs 10 cockatrices 6 wolves 6 winter wolf cubs a gremlin a spotted jelly 34 leprechauns 4 orc-captains 8 iron piercers 2 giant spiders 4 scorpions 2 horses an ice vortex 4 black lights 3 vampire bats a forest centaur 3 gnome kings 6 orc mummies 5 dwarf mummies 2 ogres a brown pudding 3 rust monsters an owlbear a yeti a werewolf 6 lizards 3 dogs a dingo 3 housecats 3 jaguars a blue jelly a gray unicorn a black unicorn 4 dust vortices 7 ravens a plains centaur 3 gnome mummies 2 snakes 2 apes 4 human zombies 6 Woodland-elves a soldier ant a fire ant 2 bugbears an imp 5 quasits a water nymph a mountain nymph 16 Mordor orcs 20 Uruk-hai 2 orc shamans 5 rock piercers 3 rock moles 8 ponies 4 fog clouds 6 yellow lights 2 shriekers 6 violet fungi 3 gnome lords 4 kobold mummies 3 gray oozes 2 barrow wights 9 elf zombies 3 ghouls 4 straw golems 2 paper golems a baby crocodile 20 giant ants 3 little dogs 8 floating eyes 2 kittens 10 dwarves 3 homunculi 2 kobold lords 2 kobold shamans 12 hill orcs 16 rothes 2 rabid rats 3 centipedes 3 giant bats 5 monkeys 9 orc zombies 4 dwarf zombies a wererat a werejackal 10 iguanas 43 killer bees 7 acid blobs 6 coyotes 2 gas spores 5 hobbits 26 manes 6 hobgoblins 5 giant rats 13 cave spiders 4 brown molds 4 yellow molds 2 green molds 4 red molds 35 gnomes 2 garter snakes 6 gnome zombies 4 geckos 23 jackals 2 foxes 2 kobolds 8 goblins 3 sewer rats 19 grid bugs 2 bats 10 lichens a kobold zombie 11 newts 771 creatures vanquished. Genocided species: jellyfish piranhas sharks giant eels electric eels krakens 6 species genocided. Voluntary challenges: You had been an atheist until turn 1964. You used a wielded weapon 1224 times, starting on turn 3. You read items or engraved 1089 times, starting on turn 270. You genocided 6 types of monsters, starting on turn 23233. You never polymorphed an object. You never changed form. You used 1 wish, starting on turn 5742. You did not wish for any artifacts. You never split a pudding. You wrote Elbereth's name 1042 times, starting on turn 2593. You violated your moral code, losing 139 points of alignment, starting on turn 2261. Dungeon overview: The Dungeons of Doom: levels 1 to 27 Level 1 a long staircase Level 2 a scroll shop, a fountain stairs to The Gnomish Mines Level 3 a fountain Level 4 a general store Level 5 some fountains Level 6 an altar to Anu stairs to Sokoban Level 7 some fountains, a sink Level 8 some fountains Level 9 an altar to Anshar, some fountains Level 10 Level 11 Level 12 portal to The Quest Level 13 a fountain Level 14 some fountains Level 15 a sink Level 16 Level 17 Level 18 a fountain Level 19 Level 20 a fountain Level 21 a jewelry store Level 22 Level 23 a bookstore, some fountains Level 24 a fountain Level 25 Level 26 a fountain Level 27 <- You were here The Gnomish Mines: levels 3 to 11 Level 3 stairs to The Dungeons of Doom Level 4 Level 5 Level 6 many shops, a temple to Ishtar, some fountains, some trees Level 7 Level 8 Level 9 Level 10 Level 11 The Quest: Level 1 portal to The Dungeons of Doom Sokoban: levels 2 to 5 Level 2 Level 3 Level 4 Level 5 stairs to The Dungeons of Doom History has recorded: On T:1 you entered the Dungeons of Doom to retrieve the Amulet of Yendor! On T:43 you reached level 2 of The Dungeons of Doom. On T:84 you reached level 3 of The Dungeons of Doom. On T:191 you reached level 1 of The Gnomish Mines. On T:511 you advanced to experience level 2. On T:601 you advanced to experience level 3. On T:1253 you advanced to experience level 4. On T:1610 you reached level 2 of The Gnomish Mines. On T:1639 you reached level 3 of The Gnomish Mines. On T:2040 you reached level 4 of The Gnomish Mines. On T:2264 you advanced to experience level 5. On T:2346 you reached level 5 of The Gnomish Mines. On T:2385 you reached level 8 of The Gnomish Mines. On T:2402 you reached level 7 of The Gnomish Mines. On T:2496 you reached level 6 of The Gnomish Mines. On T:3054 you advanced to experience level 6. On T:3833 you reached level 4 of The Dungeons of Doom. On T:4230 you reached level 5 of The Dungeons of Doom. On T:4924 you reached level 6 of The Dungeons of Doom. On T:5024 you reached level 7 of The Dungeons of Doom. On T:5180 you reached level 8 of The Dungeons of Doom. On T:5238 you reached level 4 of Sokoban. On T:5297 you received Grayswandir from Anu. On T:5420 you advanced to experience level 7. On T:5742 you wished for "blessed greased fixed +3 silver dragon scale mail". On T:6419 you reached level 3 of Sokoban. On T:7305 you reached level 2 of Sokoban. On T:8046 you reached level 1 of Sokoban. On T:8892 you advanced to experience level 8. On T:8970 you reached level 9 of The Dungeons of Doom. On T:9624 you reached level 10 of The Dungeons of Doom. On T:10418 you advanced to experience level 9. On T:12791 you reached level 9 of The Gnomish Mines. On T:14351 you advanced to experience level 10. On T:19450 you received Sunsword from Anu. On T:20310 you reached level 11 of The Dungeons of Doom. On T:20486 you reached level 12 of The Dungeons of Doom. On T:21419 you reached level 1 of The Quest. On T:21466 you reached level 13 of The Dungeons of Doom. On T:22427 you advanced to experience level 11. On T:22941 you advanced to experience level 12. On T:24031 you reached level 14 of The Dungeons of Doom. On T:24351 you reached level 15 of The Dungeons of Doom. On T:24954 you reached level 16 of The Dungeons of Doom. On T:25003 you reached level 17 of The Dungeons of Doom. On T:25559 you reached level 18 of The Dungeons of Doom. On T:25919 you reached level 19 of The Dungeons of Doom. On T:26277 you reached level 20 of The Dungeons of Doom. On T:26726 you reached level 21 of The Dungeons of Doom. On T:27253 you reached level 22 of The Dungeons of Doom. On T:27646 you reached level 23 of The Dungeons of Doom. On T:27841 you reached level 24 of The Dungeons of Doom. On T:28273 you reached level 25 of The Dungeons of Doom. On T:28727 you reached level 26 of The Dungeons of Doom. On T:29595 you reached level 27 of The Dungeons of Doom. Score breakdown: Gold: 17784 (14457 points) Experience: 12 levels (18476 points) Exploration: 27 levels ( 51.92%) (21420 points) Discoveries: 1 item ( 0.34%) ( 1743 points) Valuables value: (no points given unless you survive) Artifact value: 8000 (13277 points) Variety of kills: 176 monsters ( 45.95%) (20336 points) Turncount: 29637 turns (-3983 points) Survival: died (score multiplied by 80%) Total score: 68580 Latest messages: Your brain is eaten! You feel very stupid! The master mind flayer misses. (2x) It hits! The couatl bumps right into you! The gremlin just misses! The gremlin misses. The gremlin bites! The gremlin misses. The couatl bumps right into you! The master mind flayer hits! The master mind flayer's tentacles suck you! Your hat blocks the attack to your head. The master mind flayer's tentacles suck you! Your brain is eaten! You feel very stupid! The master mind flayer's tentacles suck you! Your hat blocks the attack to your head. The master mind flayer's tentacles suck you! Your brain is eaten! Your last thought fades away. Final status: Goodbye noty the Caveman, killed by brainlessness... You died in The Dungeons of Doom on dungeon level 27 with 68580 points, and 17784 pieces of gold, after 29637 moves. You were level 12 with a maximum of 101 hit points when you died.